 Dungeon Crawl Stone Soup version 0.28.0-43-g3370ac3207 (webtiles) character file.

Game seed: 12156686333072480454

16 bromine the Cudgeller (level 2, 0/37 HPs)
             Began as a Palentonga Berserker on Feb 28, 2022.
             Was a Follower of Trog.
             Slain by a giant cockroach (2 damage)
             ... on level 1 of the Dungeon.
             The game lasted 00:01:29 (163 turns).

bromine the Cudgeller (Palentonga Berserker)         Turns: 163, Time: 00:01:30

Health: 0/37       AC: 21    Str: 20    XL:     2   Next: 37%
Magic:  2/2        EV:  1    Int:  7    God:    Trog [*.....]
Gold:   0          SH:  0    Dex:  9    Spells: 1/1 levels left

rFire   . . .      SeeInvis +   a - +0 mace
rCold   . . .      Faith    .   (no shield)
rNeg    . . .      Spirit   .   (armour currently unavailable)
rPois   +          Reflect  .   (helmet currently unavailable)
rElec   .          Harm     .   (cloak currently unavailable)
rCorr   .          Rampage  .   (gloves currently unavailable)
Will    .....      NoTele   +   (no barding)
Stlth   +.........              (no amulet)
HPRegen 0.12/turn               (no ring)
MPRegen 0.08/turn               (no ring)

@: tree-form
A: stationary, stasis, torment immunity, boosted hp, large, rugged brown scales
3, see invisible, (deformed body), (roll 1), (armoured tail)
a: Renounce Religion, Berserk


You were on level 1 of the Dungeon.
You worshipped Trog.
Trog was aware of your devotion.
You were a tree.
You visited 1 branch of the dungeon, and saw 1 of its levels.

Inventory:

Hand Weapons
 a - a +0 mace (weapon)
Armour
 b - a +0 animal skin (melded)


   Skills:
 + Level 3.3 Fighting
 + Level 3.4 Maces & Flails
 + Level 1.6 Armour
 + Level 1.6 Dodging


You had one spell level left.
You didn't know any spells.
Your spell library was empty.

Dungeon Overview and Level Annotations

Branches:
Dungeon (1/15)

Altars:


Innate Abilities, Weirdness & Mutations

You are a tree.
Your roots penetrate the ground, keeping you stationary.
You cannot be teleported.
You are immune to unholy pain and torment.
Your maximum health is greatly increased.
Your equipment is partially melded.
(You are completely covered in rugged brown scales. (AC +3, +7% HP))
You have supernaturally acute eyesight. (SInv)
((Armour fits poorly on your strangely shaped body.))
((You can roll at nearby foes to attack.))
((You have a long armoured tail.))


Message History

* * * LOW HITPOINT WARNING * * *
The hobgoblin hits you.
* * * LOW HITPOINT WARNING * * *
The giant cockroach bites you.
* * * LOW HITPOINT WARNING * * *
You sock the hobgoblin!
You kill the hobgoblin!
Trog accepts your kill. The goblin hits you but does no damage.
The giant cockroach bites you.
* * * LOW HITPOINT WARNING * * *
You hit the quokka but do no damage.
The quokka bites you but does no damage.
The giant cockroach bites you but does no damage.
The goblin hits you but does no damage.
The quokka bites you but does no damage.
The goblin hits you but does no damage.
The giant cockroach bites you but does no damage.
You hit the goblin.
You kill the goblin!
Trog accepts your kill.
The quokka bites you but does no damage.
The giant cockroach bites you but does no damage.
The goblin hits you but does no damage.
You cannot move.
You miss the quokka. The quokka bites you.
* * * LOW HITPOINT WARNING * * *
The giant cockroach bites you but does no damage.
The goblin hits you but does no damage.
The quokka bites you but does no damage.
You closely miss the quokka.
The giant cockroach bites you but does no damage.
The quokka bites you.
* * * LOW HITPOINT WARNING * * *
The goblin hits you but does no damage.
The giant cockroach bites you but does no damage.
You hit the quokka.
The quokka is almost dead.
The quokka bites you but does no damage.
The giant cockroach bites you.
You die...

#.. # #.#.. #.#.#
### ### .
###.#.##.... ..#
. ...#....... ###
#.##......... .#
#.#.g)..##.# .#
#....♣.....# #.#
.####..rB.#####.
... ...
.......)........
..# #..
#######...#.####
.##
#..########...#.#
..#............#
#.#.##########.#
####.#.# ...
#......# ...


You could see a quokka, a giant cockroach and a goblin.

Vanquished Creatures
  A dart slug (D:1)
  An endoplasm (D:1)
  A giant cockroach (D:1)
  3 goblins (D:1)
  4 hobgoblins (D:1)
  A quokka (D:1)
11 creatures vanquished.

Notes
Turn   | Place    | Note
-------+----------+-------------------------------------------
     0 | D:1      | bromine the Palentonga Berserker began the quest for the
                  | Orb.
     0 | D:1      | Reached XP level 1. HP: 19/19 MP: 1/1
    66 | D:1      | Reached XP level 2. HP: 25/25 MP: 2/2
   163 | D:1      | Slain by a giant cockroach

Illustrated notes

Levels and vault maps discovered:
D:1:      dpeg_arrival_water_altar, layout_loops_cross,
          hellmonk_ecumenical_altar_leap_of_faith, chequers_jeans

Action                   || total
-------------------------++-------
Melee: Mace              ||    34
       Tailslap          ||     2
 Abil: Rolling Charge    ||     1
  Use: Potion            ||     1
Armor: Animal skin       ||    12
       Skin              ||    19
Dodge: Dodged            ||    18
